 Dungeon Crawl Stone Soup version 0.30-a0-1116-gebefce21f7 (webtiles) character file.

Game seed: 3230931945268235763

140 Jeffwins the Magician (level 5, -1/38 HPs)
             Began as a Human Wanderer on Apr 21, 2023.
             Slain by an ogre
             ... wielding a +0 giant club
              (18 damage)
             ... on level 4 of the Dungeon.
             The game lasted 00:05:25 (2737 turns).

Jeffwins the Magician (Human Wanderer)              Turns: 2737, Time: 00:05:25

Health: -1/38      AC:  4    Str: 12    XL:     5   Next: 46%
Magic:  7/10       EV: 10    Int: 16    God:
Gold:   155        SH:  4    Dex: 11    Spells: 6/10 levels left

rFire   . . .      SeeInvis .    o - +1 dagger (elec)
rCold   . . .      Faith    .    d - +0 buckler
rNeg    . . .      Spirit   .    e - +0 troll leather armour
rPois   .          Reflect  .    (no helmet)
rElec   .          Rampage  .    (no cloak)
rCorr   .                        (no gloves)
Will    .....                    (no boots)
Stlth   +                        (no amulet)
HPRegen 1.06/turn                (no ring)
MPRegen 0.12/turn                (no ring)

@: very slightly contaminated
A: no striking features
a: no special abilities


You were on level 4 of the Dungeon.
You visited 2 branches of the dungeon, and saw 5 of its levels.

You collected 155 gold pieces.


   Skills:
 + Level 1.7 Fighting
 + Level 1.7 Throwing
 + Level 2.4 Shields
 + Level 3.4 Spellcasting
 - Level 2.0 Hexes
 - Level 2.0 Transmutations
 * Level 2.0 Ice Magic
 + Level 1.5 Evocations


You had 6 spell levels left.
You knew the following spells:

 Your Spells              Type           Power      Damage    Failure   Level
z - Freeze                Ice            36%        1d5       14%         1
X - Frozen Ramparts       Ice            18%        1d3       38%         3

Your spell library contained the following spells:

 Spells                   Type           Power      Damage    Failure   Level
 Beastly Appendage        Tmut           18%        N/A       14%         1
 Slow                     Hex            36%        N/A       14%         1
 Sting                    Tmut/Pois      20%        1d4       21%         1
 Hailstorm                Conj/Ice       6%         3d4       52%         3
 Inner Flame              Hex/Fire       5%         N/A       52%         3
 Petrify                  Tmut/Erth      5%         N/A       90%         4

Inventory:

Hand Weapons
 a - a +0 dagger of protection
 o - a +1 dagger of electrocution (weapon)
 p - a +3 spear
Missiles
 k - 11 poisoned darts (quivered)
Armour
 d - a +0 buckler (worn)
 e - a +0 troll leather armour (worn)
Jewellery
 H - an amulet of faith {!P}
 Z - a ring of wizardry
Wands
 q - a wand of light (2)
Scrolls
 b - a scroll of teleportation {@r4}
 c - 8 scrolls of identify {unknown}
 g - a scroll of amnesia {unknown}
 h - 2 scrolls of magic mapping {unknown}
 i - a scroll of vulnerability {unknown}
 j - 2 scrolls of blinking {unknown}
 m - 2 scrolls of fog {unknown}
Potions
 f - a potion of invisibility {unknown}
 l - a potion of might {unknown}
 n - 2 potions of heal wounds {unknown}
 r - 5 potions of curing {unknown}
 s - a potion of haste {unknown}
 t - a potion of flight {unknown}

Dungeon Overview and Level Annotations

Branches:
Dungeon (4/15)             Temple (1/1) D:4

Altars:
Ashenzari
Cheibriados
Elyvilon
Gozag
Hepliaklqana
Kikubaaqudgha
Makhleb
Nemelex Xobeh
Wu Jian
Yredelemnul
Zin
The Shining One

.##..... # ...... . ..##.....r.
...... ......)...........
#.....#..........
#....##......... #...O#o.#
.$.... ##@...##...#
#####.........#
####...).§§~..#..###....
##.#.###.~~§~~...........
####.......~§~~§~§...#......
####..........§§~>~§~###....#.h
..............~~§~§§~## ......
.....########..~~§§~..###.....#
###### ##..~~~......# .


You could see an ogre (blind) and an orc.


Message History

You see here a +0 dagger.
The ogre shouts!
Unknown command.
The orc shouts!
The orc cheers loudly.
Casting: Frozen Ramparts (quite dangerous; 38% risk of failure)
Confirm with . or Enter, or press ? or * to list all spells.
The spell is quite dangerous to miscast (38% risk of failure)!
Continue anyway?
Casting: Frozen Ramparts (quite dangerous; 38% risk of failure)
Press: ? - help, Dir - look around, f - activate You miscast Frozen Ramparts.
You are very lightly contaminated with residual magic.
Nothing appears to happen.
Unknown command.
You hit the ogre.
The ogre is lightly wounded.
The ogre hits you with a +0 giant club!!
Ouch! That really hurt!
* * * LOW HITPOINT WARNING * * *
Aiming: Bolt of Light
Press: ? - help, Shift-Dir - straight line, f - ogre
Aim: an ogre, wielding a +0 giant club (lightly wounded, 86% to hit)
The bolt of light hits the ogre!
The ogre is heavily wounded.
The ogre is blinded.
The bolt of light hits the quokka!
You kill the quokka!
The bolt of light hits the goblin!
You kill the goblin!
The ogre hits you with a +0 giant club!!
You die...

Skill      XL: |  1  2  3  4  5 |
---------------+----------------+-----
Shields        | 2 |  2.4
Fighting       | 1 |  1.7
Ice Magic      | 1 2 |  2.0
Throwing       | |  1.7
Spellcasting   | |  3.4
Hexes          | |  2.0
Transmutations | |  2.0
Evocations     | |  1.5

Action                     |  1- 3 |  4- 6 || total
---------------------------+-------+-------++-------
  Melee: Club              |    37 |       ||    37
         Whip              |    51 |       ||    51
         Dagger            |   239 |    68 ||   307
   Cast: Frozen Ramparts   |       |     1 ||     1
  Evoke: Wand              |       |     2 ||     2
    Use: Scroll            |       |     1 ||     1
   Stab: Sleeping          |     1 |     1 ||     2
         Invisible         |       |     1 ||     1
 Armour: Troll leather arm |   153 |    19 ||   172
  Dodge: Dodged            |   155 |    43 ||   198
  Block: Buckler           |    59 |    11 ||    70

Levels and vault maps discovered:
D:1:      eino_arrival_druids_welcome, layout_loops_cross,
          hellmonk_ecumenical_altar_inner_sanctum, nicolae_figureground_pulse
D:2:      layout_loops_ring
D:3:      layout_basic, chequers_temple_overflow_statue_of_worship,
          mainiacjoe_overflow_brackets
D:4:      layout_layer_cave, marbit_many_paths, nicolae_ru_path_of_blood,
          bloody_trog, minmay_temple_entry_mist
Temple:   hellmonk_temple_divided_pantheon

Notes
Turn   | Place    | Note
-------+----------+-------------------------------------------
     0 | D:1      | Jeffwins the Human Wanderer began the quest for the Orb.
     0 | D:1      | Jeffwins set off with the following items: a +0 club, a
                  | scroll of teleportation {@r4}, a +0 robe, a +0 buckler; and
                  | the following spells available to memorise: Beastly
                  | Appendage, Slow, Sting, Inner Flame, Petrify.
     0 | D:1      | Reached XP level 1. HP: 13/13 MP: 4/4
   262 | D:1      | Reached XP level 2. HP: 19/19 MP: 6/6
   577 | D:1      | Reached skill level 2 in Shields
   634 | D:1      | Learned a level 1 spell: Freeze
   814 | D:1      | Reached XP level 3. HP: 25/25 MP: 7/7
   818 | D:1      | Learned a level 3 spell: Frozen Ramparts
   824 | D:1      | Found a faded altar of an unknown god.
  1003 | D:2      | Reached skill level 1 in Fighting
  1385 | D:2      | Reached skill level 1 in Ice Magic
  1714 | D:3      | Found a basalt altar of Yredelemnul.
  1733 | D:3      | Reached XP level 4. HP: 31/32 MP: 8/8
  1804 | D:3      | Found a burning altar of Makhleb.
  1805 | D:3      | Found a hazy altar of Hepliaklqana.
  1806 | D:3      | Found a sparkling altar of Nemelex Xobeh.
  1807 | D:3      | Found an ornate altar of the Wu Jian Council.
  2224 | D:3      | Reached XP level 5. HP: 9/37 MP: 10/10
  2439 | D:4      | Found a staircase to the Ecumenical Temple.
  2450 | D:4      | Noticed an ogre
  2452 | Temple   | Entered the Ecumenical Temple
  2452 | Temple   | Found a transporter.
  2452 | Temple   | Found a transporter.
  2454 | Temple   | Found a transporter.
  2454 | Temple   | Found a transporter.
  2489 | D:4      | Noticed an ogre
  2597 | D:4      | Reached skill level 2 in Ice Magic
  2737 | D:4      | Slain by an ogre

Vanquished Creatures
  An orc wizard (D:4)
  An adder (D:3)
  3 gnolls (D:3)
  A worm (D:2)
  6 orcs
  10 bats
  2 endoplasms (D:3)
  5 giant cockroaches
  6 goblins
  9 hobgoblins
  3 quokkas
  5 ball pythons
  A frilled lizard (D:1)
  8 kobolds
  6 rats
67 creatures vanquished.

Table legend: (Time is in decaauts)
 A = Elapsed time spent in this place.
 B = Non-inter-level travel time spent in this place.
 C = Inter-level travel time spent in this place.
 D = Time resting spent in this place.
 E = Time spent auto-exploring this place.
 F = Levels seen in this place.
 G = Mean time per level.
                   A        B        C        D        E       F      G
               +--------+--------+--------+--------+--------+-----+--------+
         Total |   2773 |   2675 |     98 |      0 |   1933 |   5 |  554.6 |
       Dungeon |   2739 |   2658 |     81 |      0 |   1926 |   4 |  684.8 |
        Temple |     33 |     16 |     17 |      0 |      7 |   1 |   33.0 |
               +--------+--------+--------+--------+--------+-----+--------+

Top non-repeatable levels by time:
     D:1: 976 daAuts
     D:3: 764 daAuts
     D:2: 703 daAuts
     D:4: 295 daAuts
  Temple: 33 daAuts

Table legend:
 A = Non-vault XP
 B = Vault XP
 C = Vault XP percentage of total XP
 D = Non-vault monster count
 E = Vault monster count
 F = Vault count percentage of total count
                 A         B        C        D         E       F
            +---------+---------+-------+---------+---------+-------
      Total |     204 |       0 |   0.0 |      67 |       0 |   0.0
            +---------+---------+-------+---------+---------+-------
        D:1 |      34 |       0 |   0.0 |      22 |       0 |   0.0
        D:2 |      29 |       0 |   0.0 |      16 |       0 |   0.0
        D:3 |      88 |       0 |   0.0 |      20 |       0 |   0.0
        D:4 |      53 |       0 |   0.0 |       9 |       0 |   0.0
            +---------+---------+-------+---------+---------+-------
